PAAA
ROYSE CITY TARGARYENS @ NAPERVILLE BATTLEKINGS
08/16/2024
 
TOP OF THE 1ST
Royse City Targaryens batting - Pitching for Naperville Battlekings : LHP Dusty Muhidini
Pitching: LHP Dusty Muhidini
Batting: RHB Héctor Ruíz 0-0: Called Strike
0-1: Ball
1-1: Fly out, F9 (Flyball, 89M)
Batting: SHB Mitch Qualtrough 0-0: Foul Ball, location: 2F
0-1: SINGLE (Line Drive, 34D)
Batting: LHB Shang-de Zhang 0-0: Ball
Throwing error on steal attempt, E2
Mitch Qualtrough to third
1-0: Ball
2-0: Fly out, F8 (Line Drive, 8RXD)
Runner from 3rd tags up, SCORES, no throw
Batting: RHB Ed Hopkins 0-0: Ball
1-0: Called Strike
1-1: Foul Ball, location: 2F
1-2: Ball
2-2: Ball
3-2: Foul Ball, location: 2F
3-2: Ground out 4-3 (Groundball, 4)
Top of the 1st over - 1 run(s), 1 hit(s), 1 error(s), 0 left on base; Royse City 1 - Naperville 0
BOTTOM OF THE 1ST
Naperville Battlekings batting - Pitching for Royse City Targaryens : LHP Armando Gonzáles
Pitching: LHP Armando Gonzáles
Batting: RHB Matt Love 0-0: Foul Ball, location: 2F
0-1: Called Strike
0-2: Ball
1-2: Ball
2-2: Foul Ball, location: 2F
2-2: Foul Ball, location: 2F
2-2: Foul Ball, location: 2F
2-2: Foul Ball, location: 2F
2-2: Ball
3-2: SINGLE (Groundball, 4MD)
Batting: RHB Ray Porch 0-0: Foul Ball, location: 2F
0-1: Ball
1-1: Ball
Matt Love steals 2nd base
2-1: Called Strike
2-2: Foul Ball, location: 2F
2-2: Foul Ball, location: 2F
2-2: Foul Ball, location: 2F
2-2: Strikes out swinging
Batting: RHB Jorge Baker 0-0: Ball
1-0: Called Strike
1-1: Foul Ball, location: 2F
1-2: Foul Ball, location: 2F
1-2: Ball
2-2: Foul Ball, location: 2F
2-2: Strikes out swinging
Batting: LHB Cristo Ramírez 0-0: Ball
1-0: Ball
2-0: Foul Ball, location: 2F
2-1: Swinging Strike
2-2: Strikes out swinging
Bottom of the 1st over - 0 run(s), 1 hit(s), 0 error(s), 1 left on base; Royse City 1 - Naperville 0
TOP OF THE 2ND
Royse City Targaryens batting - Pitching for Naperville Battlekings : LHP Dusty Muhidini
Batting: RHB Andrew Weeks 0-0: Called Strike
0-1: Foul Ball, location: 2F
0-2: Ball
1-2: Fly out, F4 (Popup, 3DF)
Batting: LHB Carlos Álvarez 0-0: Ball
1-0: Ball
2-0: Ball
3-0: Called Strike
3-1: Swinging Strike
3-2: Strikes out swinging
Batting: RHB Miguel Uribe 0-0: Fly out, F2 (Popup, 2LF)
Top of the 2nd over - 0 run(s), 0 hit(s), 0 error(s), 0 left on base; Royse City 1 - Naperville 0
BOTTOM OF THE 2ND
Naperville Battlekings batting - Pitching for Royse City Targaryens : LHP Armando Gonzáles
Batting: RHB Álex Rodríguez 0-0: Called Strike
0-1: Ball
1-1: Ball
2-1: Called Strike
2-2: Ball
3-2: Strikes out swinging
Batting: RHB Edward Payne 0-0: Ball
1-0: Ball
2-0: Ball
3-0: Called Strike
3-1: Foul Ball, location: 2F
3-2: Foul Ball, location: 2F
3-2: Foul Ball, location: 2F
3-2: Strikes out swinging
Batting: LHB Joe Cashmore 0-0: Called Strike
0-1: Foul Ball, location: 2F
0-2: Ball
1-2: Ball
2-2: Ground out 4-3 (Groundball, 4)
Bottom of the 2nd over - 0 run(s), 0 hit(s), 0 error(s), 0 left on base; Royse City 1 - Naperville 0
TOP OF THE 3RD
Royse City Targaryens batting - Pitching for Naperville Battlekings : LHP Dusty Muhidini
Batting: LHB Aurelio Aurillo 0-0: Called Strike
0-1: Fly out, F8 (Flyball, 8LD)
Batting: LHB Jorge Garza 0-0: Ball
1-0: Foul Ball, location: 2F
1-1: Foul Ball, location: 2F
1-2: Fly out, F6 (Popup, 6D)
Batting: RHB Héctor Ruíz 0-0: Ball
1-0: Called Strike
1-1: Swinging Strike
1-2: Fly out, F9 (Flyball, 89S)
Top of the 3rd over - 0 run(s), 0 hit(s), 0 error(s), 0 left on base; Royse City 1 - Naperville 0
BOTTOM OF THE 3RD
Naperville Battlekings batting - Pitching for Royse City Targaryens : LHP Armando Gonzáles
Batting: LHB Naohiro Sakai 0-0: Ball
1-0: Ball
2-0: Hit by Pitch
Batting: SHB Daryl Lloyd 0-0: Called Strike
0-1: Ball
1-1: Ball
2-1: Swinging Strike
2-2: Strikes out swinging
Batting: RHB Matt Love 0-0: SINGLE (Groundball, 56)
Naohiro Sakai to second
Batting: RHB Ray Porch 0-0: Ball
1-0: Grounds into double play, 5-4-3 (Groundball, 56)
Bottom of the 3rd over - 0 run(s), 1 hit(s), 0 error(s), 1 left on base; Royse City 1 - Naperville 0
TOP OF THE 4TH
Royse City Targaryens batting - Pitching for Naperville Battlekings : LHP Dusty Muhidini
Batting: SHB Mitch Qualtrough 0-0: Foul Ball, location: 2F
0-1: Ball
1-1: Ball
2-1: Called Strike
2-2: Ball
3-2: Foul Ball, location: 2F
3-2: Strikes out swinging
Batting: LHB Shang-de Zhang 0-0: Foul Ball, location: 2F
0-1: Called Strike
0-2: Ball
1-2: Ball
2-2: Fly out, F7 (Flyball, 78S)
Batting: RHB Ed Hopkins 0-0: Ball
1-0: Ball
2-0: Ball
3-0: Called Strike
3-1: Base on Balls
Batting: RHB Andrew Weeks 0-0: Ball
1-0: Ball
2-0: Foul Ball, location: 2F
2-1: Ball
3-1: Foul Ball, location: 2F
3-2: Foul Ball, location: 2F
3-2: Ground out 6-3 (Groundball, 6)
Top of the 4th over - 0 run(s), 0 hit(s), 0 error(s), 1 left on base; Royse City 1 - Naperville 0
BOTTOM OF THE 4TH
Naperville Battlekings batting - Pitching for Royse City Targaryens : LHP Armando Gonzáles
Batting: RHB Jorge Baker 0-0: Foul Ball, location: 2F
0-1: Ball
1-1: Ball
2-1: Foul Ball, location: 2F
2-2: Ball
3-2: Ground out 6-3 (Groundball, 6)
Batting: LHB Cristo Ramírez 0-0: Fly out, F6 (Line Drive, 6)
Batting: RHB Álex Rodríguez 0-0: Called Strike
0-1: Ground out 1-3 (Groundball, 13S)
Bottom of the 4th over - 0 run(s), 0 hit(s), 0 error(s), 0 left on base; Royse City 1 - Naperville 0
TOP OF THE 5TH
Royse City Targaryens batting - Pitching for Naperville Battlekings : LHP Dusty Muhidini
Batting: LHB Carlos Álvarez 0-0: Foul Ball, location: 2F
0-1: Fly out, F9 (Flyball, 89S)
Batting: RHB Miguel Uribe 0-0: Ball
1-0: Foul Ball, location: 2F
1-1: Foul Ball, location: 2F
1-2: Strikes out looking
Batting: LHB Aurelio Aurillo 0-0: Ball
1-0: Called Strike
1-1: Foul Ball, location: 2F
1-2: Ball
2-2: Foul Ball, location: 2F
2-2: Strikes out looking
Top of the 5th over - 0 run(s), 0 hit(s), 0 error(s), 0 left on base; Royse City 1 - Naperville 0
BOTTOM OF THE 5TH
Naperville Battlekings batting - Pitching for Royse City Targaryens : LHP Armando Gonzáles
Batting: RHB Edward Payne 0-0: Ball
1-0: Ball
2-0: Ball
3-0: Called Strike
3-1: Fly out, F3 (Popup, 3F)
Batting: LHB Joe Cashmore 0-0: Fly out, F7 (Flyball, 78D)
Batting: LHB Naohiro Sakai 0-0: Ball
1-0: Called Strike
Single, Error in OF, E9, batter to second base
Batting: SHB Daryl Lloyd 0-0: Fly out, F3 (Popup, 34)
Bottom of the 5th over - 0 run(s), 1 hit(s), 1 error(s), 1 left on base; Royse City 1 - Naperville 0
TOP OF THE 6TH
Royse City Targaryens batting - Pitching for Naperville Battlekings : LHP Dusty Muhidini
Batting: LHB Jorge Garza 0-0: Called Strike
0-1: Ball
1-1: Swinging Strike
1-2: Strikes out looking
Batting: RHB Héctor Ruíz 0-0: Called Strike
0-1: SINGLE (Groundball, 4M)
Batting: SHB Mitch Qualtrough 0-0: Ball
1-0: Ball
2-0: Foul Ball, location: 2F
2-1: Ball
3-1: Foul Ball, location: 2F
3-2: Base on Balls
Héctor Ruíz to second
Batting: LHB Shang-de Zhang 0-0: Foul Ball, location: 2F
0-1: Ball
1-1: SINGLE (Groundball, 4MD)
Héctor Ruíz to third
Mitch Qualtrough to second
Runner from 3rd tries for Home, SAFE, no throw or cutoff
Batting: RHB Ed Hopkins 0-0: Ball
1-0: 3-RUN HOME RUN (Flyball, 7D), Distance : 385 ft
Batting: RHB Andrew Weeks 0-0: Ball
1-0: Ball
2-0: Called Strike
2-1: DOUBLE (Line Drive, 7LM)
Batting: LHB Carlos Álvarez 0-0: Ball
1-0: Ground out 2-3 (Groundball, 2R)
Andrew Weeks to third
Batting: RHB Miguel Uribe 0-0: Fly out, F8 (Flyball, 8RM)
Top of the 6th over - 4 run(s), 4 hit(s), 0 error(s), 1 left on base; Royse City 5 - Naperville 0
BOTTOM OF THE 6TH
Naperville Battlekings batting - Pitching for Royse City Targaryens : LHP Armando Gonzáles
Batting: RHB Matt Love 0-0: Ball
1-0: Foul Ball, location: 2F
1-1: Ball
2-1: Ball
3-1: Base on Balls
Batting: RHB Ray Porch 0-0: Ball
1-0: Fly out, F8 (Flyball, 78M)
Batting: RHB Jorge Baker 0-0: Ball
1-0: Ball
2-0: Called Strike
2-1: Called Strike
2-2: Foul Ball, location: 2F
2-2: 2-RUN HOME RUN (Flyball, 78XD), Distance : 420 ft
Batting: LHB Cristo Ramírez 0-0: Ball
1-0: Called Strike
1-1: Foul Ball, location: 2F
1-2: Ball
2-2: Ground out 3-1 (Groundball, 34S)
Batting: RHB Álex Rodríguez 0-0: Foul Ball, location: 2F
0-1: Called Strike
0-2: Foul Ball, location: 2F
0-2: Fly out, F8 (Line Drive, 8RM)
Bottom of the 6th over - 2 run(s), 1 hit(s), 0 error(s), 0 left on base; Royse City 5 - Naperville 2
TOP OF THE 7TH
Royse City Targaryens batting - Pitching for Naperville Battlekings : LHP Dusty Muhidini
Batting: LHB Aurelio Aurillo 0-0: Foul Ball, location: 2F
0-1: Fly out, F3 (Popup, 3L)
Batting: LHB Jorge Garza 0-0: Foul Ball, location: 2F
0-1: Called Strike
0-2: Ball
1-2: Ball
2-2: Ball
3-2: Foul Ball, location: 2F
3-2: Base on Balls
Batting: RHB Héctor Ruíz 0-0: Foul Ball, location: 2F
0-1: Grounds into double play, 6-4-3 (Groundball, 6)
Top of the 7th over - 0 run(s), 0 hit(s), 0 error(s), 0 left on base; Royse City 5 - Naperville 2
BOTTOM OF THE 7TH
Naperville Battlekings batting - Pitching for Royse City Targaryens : LHP Armando Gonzáles
Batting: RHB Edward Payne 0-0: Called Strike
0-1: Ball
1-1: Ground out 6-3 (Groundball, 6MS)
Batting: LHB Joe Cashmore 0-0: Ball
1-0: Called Strike
1-1: Ball
2-1: SINGLE (Flyball, 89S)
Pitching: RHP Luis Miguel Rojas
Batting: LHB Naohiro Sakai 0-0: Ball
1-0: Ball
2-0: Called Strike
2-1: Foul Ball, location: 2F
2-2: Strikes out looking
Batting: SHB Daryl Lloyd 0-0: Called Strike
0-1: SINGLE (Flyball, 7S)
Joe Cashmore to second
Batting: RHB Matt Love 0-0: Called Strike
0-1: Called Strike
0-2: Foul Ball, location: 2F
0-2: Ball
1-2: Ball
2-2: SINGLE (Line Drive, 89S)
Joe Cashmore to third
Daryl Lloyd to second
Batting: RHB Ray Porch 0-0: Fielders Choice at 2nd, 6-4 (Groundball, 6)
Bottom of the 7th over - 0 run(s), 3 hit(s), 0 error(s), 2 left on base; Royse City 5 - Naperville 2
TOP OF THE 8TH
Royse City Targaryens batting - Pitching for Naperville Battlekings : LHP Dusty Muhidini
Batting: SHB Mitch Qualtrough 0-0: Called Strike
0-1: Ball
1-1: Swinging Strike
1-2: Foul Ball, location: 2F
1-2: Strikes out swinging
Batting: LHB Shang-de Zhang 0-0: Ball
1-0: Fly out, F4 (Popup, 4)
Batting: RHB Ed Hopkins 0-0: Ball
1-0: Foul Ball, location: 2F
1-1: Ball
2-1: SINGLE (Line Drive, 8LS)
Batting: RHB Andrew Weeks 0-0: Ball
Wild Pitch!
Ed Hopkins to second
1-0: Called Strike
1-1: Called Strike
1-2: Strikes out swinging
Top of the 8th over - 0 run(s), 1 hit(s), 0 error(s), 1 left on base; Royse City 5 - Naperville 2
BOTTOM OF THE 8TH
Naperville Battlekings batting - Pitching for Royse City Targaryens : RHP Luis Miguel Rojas
Batting: RHB Jorge Baker 0-0: Ball
1-0: Swinging Strike
1-1: Ball
2-1: Ball
3-1: DOUBLE (Line Drive, 5D)
Pitching: LHP Dan Boyle
Batting: LHB Cristo Ramírez 0-0: Ball
1-0: Fly out, F7 (Flyball, 78M)
Pitching: LHP Jared Cox
Batting: RHB Álex Rodríguez 0-0: Ball
1-0: SINGLE (Line Drive, 3)
Jorge Baker to third
Runner from 3rd tries for Home, SAFE, throw made home
Álex Rodríguez to second
Pitching: RHP Ryan Bentley
Batting: RHB Edward Payne 0-0: Called Strike
0-1: Ball
1-1: Ball
2-1: Foul Ball, location: 2F
2-2: Fly out, F3 (Popup, 3F)
Pitching: LHP Fernando Castro
Batting: LHB Joe Cashmore 0-0: Foul Ball, location: 2F
0-1: Swinging Strike
0-2: Ball
1-2: Strikes out looking
Bottom of the 8th over - 1 run(s), 2 hit(s), 0 error(s), 1 left on base; Royse City 5 - Naperville 3
TOP OF THE 9TH
Royse City Targaryens batting - Pitching for Naperville Battlekings : LHP Dusty Muhidini
Pitching: RHP David Francisco
Batting: LHB Carlos Álvarez 0-0: Ball
1-0: Called Strike
1-1: Ball
2-1: Swinging Strike
2-2: Strikes out swinging
Batting: RHB Miguel Uribe 0-0: Ball
1-0: Fly out, F8 (Flyball, 8LM)
Batting: LHB Aurelio Aurillo 0-0: Called Strike
0-1: Foul Ball, location: 2F
0-2: DOUBLE (Flyball, 89XD) - OUT at third base trying to stretch hit.
Top of the 9th over - 0 run(s), 1 hit(s), 0 error(s), 0 left on base; Royse City 5 - Naperville 3
BOTTOM OF THE 9TH
Naperville Battlekings batting - Pitching for Royse City Targaryens : LHP Fernando Castro
Pitching: RHP Iván Cordero
Batting: LHB Naohiro Sakai 0-0: Ball
1-0: Ball
2-0: Fly out, F8 (Flyball, 78M)
Batting: SHB Daryl Lloyd 0-0: Ball
1-0: Foul Ball, location: 2F
1-1: Ball
2-1: Ball
3-1: SINGLE (Flyball, 78S)
Batting: RHB Matt Love 0-0: Ball
1-0: Ball
2-0: Foul Ball, location: 2F
2-1: Foul Ball, location: 2F
2-2: Strikes out swinging
Pitching: RHP Gabriel Rodríguez
Batting: RHB Ray Porch 0-0: Foul Ball, location: 2F
0-1: Ball
1-1: Foul Ball, location: 2F
1-2: Strikes out swinging
Bottom of the 9th over - 0 run(s), 1 hit(s), 0 error(s), 1 left on base; Royse City 5 - Naperville 3
This league is powered by Out of the Park Baseball, the baseball management simulation game for PC, Mac and Linux
Monday, October 3rd, 2016 - OOTP Baseball 16.9 Build 39